Map: Tokamak LE

Players

ahahahahahah

  • Race: Terran Terran
  • League: Diamond
  • Spawn Location: 1:00

LigerMaNN - Winner!

  • Race: Zerg Zerg
  • League: Diamond
  • Spawn Location: 7:00

VOD

Have the link to the VOD?

Description

Time

  • Played on: June 4, 2025, 12:52 a.m.
  • Length: 22:11
Show
View Real Time Build Order
Export as new Build Order

ahahahahahah Terran 

Build Orders: Gas First Reaper Expand 

Get SALT Encoding   

  12  0:03  SCV  
  13  0:15  SCV  
  13  0:18  Supply Depot  
  14  0:27  SCV  
  15  0:28  Refinery  
  15  0:41  Barracks  
  15  0:45  SCV  
  17  0:57  SCV  
  17  1:09  SCV  
  18  1:21  SCV  
  19  1:29  Reaper  
  20  1:35  Orbital Command  
  20  1:47  Command Center  
  20  1:57  Factory  
  20  2:06  Barracks Reactor  
  20  2:15  SCV  
  21  2:36  Engineering Bay  
  21  3:25  Orbital Command, Command Center  
  21  3:26  Hellion  
  25  3:27  Hellion  
  25  3:30  Refinery  
  25  3:32  Refinery  
  25  3:34  Starport  
  25  3:38  Barracks Tech Lab  
  25  3:50  Supply Depot  
  25  3:51  Hellion x2  
  29  3:56  SCV  
  29  3:57  SCV  
  31  4:06  Factory  
  31  4:08  SCV  
  31  4:09  SCV  
  33  4:19  Bunker  
  33  4:26  Barracks Reactor  
  33  4:35  SCV x2  
  28  4:46  SCV  
  28  4:47  SCV x2  
  28  4:49  Hellion  
  31  4:57  Hellion  
  31  4:58  SCV  
  31  4:59  SCV x2  
  36  5:00  Hellion  
  36  5:07  Marine x2  
  38  5:11  Hellion, SCV x2  
  45  5:21  SCV  
  45  5:23  SCV  
  45  5:24  Marine, SCV  
  45  5:25  Banshee, Engineering Bay  
  51  5:32  Refinery  
  51  5:33  SCV  
  52  5:36  Factory Tech Lab  
  52  5:38  Widow Mine x2  
  56  5:44  SCV  
  55  6:03  SCV  
  56  6:07  Command Center  
  54  6:33  SCV x2  
  54  6:34  Viking  
  58  6:44  Armory  
  58  6:45  SCV x2  
  58  6:46  Refinery, Planetary Fortress, Armory  
  60  6:49  Refinery  
  60  6:57  SCV  
  61  7:04  Supply Depot x2  
  61  7:08  Cloaking Field  
  61  7:18  Banshee, SCV x2  
  61  7:19  Hellion, Widow Mine x2  
  72  7:27  Sensor Tower  
  72  7:30  SCV x2  
  74  7:39  Starport  
  74  7:40  Hellion, Terran Vehicle Weapons Level 1  
  74  7:41  Terran Ship Weapons Level 1  
  74  7:42  SCV  
  74  7:43  SCV x2  
  79  7:52  Command Center  
  79  7:54  SCV  
  79  7:55  SCV x2  
  82  8:00  Barracks  
  82  8:01  Barracks  
  82  8:04  Barracks  
  82  8:07  Banshee, SCV x2  
  82  8:08  SCV  
  82  8:11  Marine x2  
  90  8:14  Planetary Fortress  
  90  8:19  SCV  
  91  8:27  Missile Turret, Hyperflight Rotors  
  91  8:29  SCV  
  91  8:31  Missile Turret x2  
  92  8:37  Missile Turret  
  92  8:39  Supply Depot  
  92  8:40  Supply Depot  
  92  8:41  Supply Depot  
  92  8:44  Marine, SCV x3  
  92  8:47  Starport Tech Lab  
  96  8:53  SCV  
  97  8:56  SCV x3  
  97  9:01  Barracks Tech Lab, Widow Mine x3  
  97  9:02  Barracks Tech Lab x2  
  106  9:05  Refinery  
  106  9:06  SCV  
  106  9:09  Refinery  
  107  9:11  Banshee x2  
  107  9:12  Factory  
  107  9:14  SCV  
  107  9:15  SCV  
  107  9:16  Missile Turret  
  115  9:18  SCV x2  
  115  9:19  Missile Turret, Barracks Tech Lab, SCV  
  118  9:27  Ghost Academy x2  
  118  9:31  Ghost Academy  
  118  9:33  SCV  
  118  9:36  SCV  
  120  9:45  SCV x2  
  122  9:55  Command Center  
  122  9:59  Banshee x2  
  128  10:01  SCV  
  128  10:03  SCV x2  
  131  10:08  SCV x2  
  131  10:09  Widow Mine x3  
  132  10:25  Missile Turret x2  
  128  10:31  Widow Mine x3  
  120  10:42  Banshee x2  
  125  10:47  Planetary Fortress  
  123  10:52  Widow Mine  
  125  11:03  Widow Mine x2  
  88  11:37  SCV x3  
  88  11:39  SCV  
  90  11:43  Missile Turret  
  90  11:45  Missile Turret  
  90  11:49  SCV x3  
  90  11:51  Ghost, SCV  
  90  11:52  Ghost x3  
  106  11:57  Missile Turret  
  106  11:58  Viking x2  
  110  12:01  SCV x3  
  110  12:03  SCV  
  110  12:05  Widow Mine x3  
  120  12:09  Missile Turret  
  120  12:10  Missile Turret, Command Center  
  120  12:20  Ghost  
  120  12:22  Ghost  
  120  12:26  Widow Mine  
  93  12:49  SCV  
  93  12:50  Command Center  
  88  13:09  Command Center, Widow Mine x3  
  88  13:11  SCV  
  88  13:12  SCV x2  
  97  13:16  Widow Mine x2  
  97  13:18  Drilling Claws  
  101  13:24  SCV  
  102  13:30  Widow Mine x3  
  106  13:37  Widow Mine x2  
  57  14:20  Ghost x4  
  69  14:26  Widow Mine x5  
  69  14:28  SCV  
  80  14:33  Planetary Fortress  
  80  14:35  Missile Turret  
  80  14:38  Missile Turret  
  80  14:39  Missile Turret  
  80  14:47  Widow Mine x2  
  80  14:48  Ghost x2, Widow Mine x2  
  72  15:17  SCV x2  
  72  15:18  SCV  
  75  15:26  SCV  
  75  15:27  Command Center  
  76  15:32  Personal Cloaking  
  76  15:33  Nuke x2  
  76  15:40  Refinery  
  76  15:41  Command Center  
  44  16:29  Thor  
  44  16:30  Widow Mine x2  
  44  16:31  Widow Mine x2  
  57  16:38  SCV  
  58  16:40  Engineering Bay  
  58  16:52  SCV x2, Widow Mine  
  62  16:58  Nuke  
  46  17:24  SCV x2  
  46  17:27  Missile Turret  
  46  17:29  Missile Turret, SCV x2  
  45  17:36  SCV x2  
  35  17:41  SCV x2  
  32  17:47  Widow Mine x4  
  32  17:49  SCV  
  37  17:58  SCV  
  38  18:02  Factory Tech Lab  
  36  18:08  Widow Mine  
  36  18:09  Widow Mine x2  
  42  18:16  Missile Turret  
  42  18:19  Planetary Fortress  
  42  18:20  SCV  
  43  18:40  Missile Turret  
  43  18:41  Barracks  
  43  18:42  Barracks  
  43  18:45  Widow Mine x3  
  43  18:46  SCV  
  50  18:50  SCV  
  50  18:51  SCV x2  
  53  18:57  SCV  
  53  19:02  Widow Mine x2  
  58  19:06  Widow Mine  
  58  19:09  Missile Turret  
  60  19:13  SCV x3  
  60  19:14  SCV  
  64  19:18  SCV  
  65  19:25  SCV x2  
  66  19:31  Barracks  
  41  19:49  SCV x2  
  39  20:02  SCV  
  35  20:30  SCV  
  35  20:31  SCV  
  36  20:45  SCV x3  
  39  20:52  SCV  
  39  20:54  Barracks Tech Lab x2  
  41  20:57  SCV  
  41  21:21  SCV  
  42  21:28  Ghost x2, Barracks Tech Lab  
  42  21:30  SCV x3  
  51  21:33  SCV  
  52  21:42  SCV  
Show
View Real Time Build Order
Export as new Build Order

LigerMaNN Zerg - Winner!

Build Orders: Hatch First 

Get SALT Encoding   

  12  0:01  Drone  
  13  0:12  Overlord  
  13  0:20  Drone  
  14  0:31  Drone x2  
  14  0:35  Drone  
  17  0:52  Hatchery  
  17  0:54  Drone  
  17  0:57  Drone  
  18  1:09  Extractor  
  17  1:14  Spawning Pool  
  17  1:16  Drone  
  17  1:19  Drone  
  18  1:28  Drone  
  19  1:40  Overlord  
  19  2:04  Zergling x6  
  19  2:06  Queen x2  
  26  2:12  Metabolic Boost  
  26  2:15  Drone x2  
  28  2:25  Drone  
  28  2:26  Drone  
  30  2:48  Drone x3  
  32  2:52  Pneumatized Carapace  
  30  3:09  Drone x4  
  30  3:10  Drone  
  35  3:12  Hatchery  
  33  3:21  Drone x2  
  33  3:24  Overlord x2  
  35  3:41  Lair  
  35  3:42  Queen  
  35  3:43  Overlord  
  37  3:50  Drone x4  
  41  4:03  Zergling x4  
  41  4:05  Zergling x2  
  44  4:19  Zergling x10  
  45  4:48  Drone x11  
  55  4:56  Queen  
  57  5:10  Zergling x6  
  57  5:11  Zergling x6  
  63  5:35  Drone x3  
  66  5:36  Overlord x3  
  65  6:04  Drone x9  
  66  6:10  Extractor x2  
  66  6:11  Hatchery  
  60  6:46  Spire  
  59  6:52  Zergling x30  
  74  6:58  Drone, Evolution Chamber  
  74  6:59  Evolution Chamber  
  73  7:09  Extractor x2  
  73  7:10  Drone  
  73  7:11  Drone x7  
  73  7:14  Hatchery  
  78  7:21  Drone x2  
  80  7:41  Overlord x5  
  80  7:45  Hatchery  
  80  7:46  Baneling Nest  
  80  7:47  Zerg Melee Weapons Level 1, Zerg Ground Armor Level 1  
  80  7:48  Zergling x4  
  80  7:50  Overlord x8  
  80  8:01  Mutalisk, Zerg Flyer Weapons Level 1  
  80  8:02  Mutalisk x5  
  80  8:04  Zergling x2  
  80  8:05  Zergling x4  
  95  8:26  Drone x3  
  99  8:27  Drone  
  99  8:35  Drone  
  99  8:36  Drone x19  
  119  8:47  Drone x3  
  122  8:49  Drone x3  
  125  8:57  Spore Crawler  
  125  9:01  Spore Crawler  
  125  9:02  Mutalisk x4, Spine Crawler, Spore Crawler  
  121  9:03  Mutalisk x4  
  121  9:06  Zergling x14  
  144  9:10  Extractor  
  144  9:12  Extractor  
  144  9:14  Centrifugal Hooks  
  142  9:31  Zergling x34  
  159  9:51  Zerg Melee Weapons Level 2, Zerg Ground Armor Level 2  
  159  9:55  Zerg Flyer Weapons Level 2, Infestation Pit  
  159  9:57  Zergling x2  
  159  9:58  Zergling x30  
  157  10:36  Baneling x9  
  157  10:37  Baneling x13  
  157  10:38  Zergling x2, Baneling  
  157  10:39  Zergling x34  
  175  10:45  Drone  
  175  10:48  Extractor  
  171  11:04  Overseer x4  
  129  11:33  Mutalisk x5  
  129  11:38  Zergling x8  
  129  11:39  Zergling x18  
  142  12:01  Hive  
  142  12:03  Baneling  
  142  12:04  Baneling x13  
  142  12:06  Zergling x22  
  153  12:10  Hatchery  
  124  12:43  Hatchery  
  114  12:54  Zergling x44  
  114  12:55  Zergling x12  
  140  13:06  Drone x4  
  142  13:33  Zergling x32  
  142  13:34  Zergling x2  
  127  14:08  Zergling x38  
  127  14:09  Zergling x6  
  137  14:20  Mutalisk x13  
  163  14:31  Baneling x6  
  163  14:32  Baneling x21  
  163  14:44  Queen  
  163  14:45  Queen x2  
  157  15:16  Overseer x2  
  157  15:32  Overlord x6  
  157  15:33  Overlord x4  
  132  16:13  Zergling x16  
  132  16:14  Zergling x58  
  132  16:15  Zergling x10  
  166  16:36  Drone  
  166  16:37  Drone x11  
  174  16:43  Zergling x12  
  174  16:45  Baneling x16  
  174  16:46  Baneling x20  
  180  16:56  Extractor  
  180  16:57  Extractor  
  172  17:13  Zergling x26  
  172  17:14  Zergling x26  
  198  17:18  Hatchery  
  189  17:35  Mutalisk x7  
  195  18:21  Zerg Melee Weapons Level 3, Spore Crawler  
  195  18:22  Zerg Ground Armor Level 3, Spore Crawler  
  195  18:23  Zerg Flyer Weapons Level 3, Ultralisk Cavern, Spore Crawler  
  195  18:24  Spore Crawler x2  
  195  18:25  Zergling x16, Spore Crawler  
  195  18:26  Zergling x8  
  200  18:27  Spore Crawler x3  
  197  19:14  Chitinous Plating  
  177  19:55  Spine Crawler  
  176  20:17  Ultralisk x2  
  176  20:18  Ultralisk x2  
  180  20:30  Ultralisk x3  
  180  20:33  Anabolic Synthesis  
  198  20:49  Extractor  
  193  20:51  Extractor  
  192  21:01  Hatchery  
  186  21:21  Overseer  
  186  21:22  Overseer x3  
  195  21:49  Overseer x3  
  195  21:50  Overseer x4  
  195  21:51  Overseer  
Tags
 
Add a new tag
Caveats
  • Supply blocks, unpowered buildings, or Contaminate may cause inaccurate times.
  • Supply counts are checked every 10 seconds.